 Dungeon Crawl Stone Soup version 0.20-a0-531-g6a4a307 (webtiles) character file.

34615 polly the Severer (level 13, -13/127 HPs)
             Began as a Minotaur Berserker on Jan 27, 2017.
             Was the Champion of Trog.
             Mangled by a freezing wraith (23 damage)
             ... led by a death knight
             ... on level 14 of the Dungeon.
             The game lasted 00:36:48 (14916 turns).

polly the Severer (Minotaur Berserker)             Turns: 14916, Time: 00:36:49

Health: -13/127    AC: 19    Str: 27    XL:     13   Next: 43%
Magic:  12/12      EV: 10    Int:  4    God:    Trog [******]
Gold:   690        SH:  2    Dex: 10    Spells: 12/12 levels left

rFire    . . .     SeeInvis .   L - +5 executioner's axe (chop)
rCold    . . .     Gourm    .   J - +0 plate armour
rNeg     . . .     Faith    .   (shield currently unavailable)
rPois    +         Spirit   .   (helmet restricted)
rElec    .         Reflect  +   f - +1 cloak
rCorr    .         Harm     .   B - +0 pair of gloves
MR       .....                  (no boots)
Stlth    ..........             h - +2 amulet of reflection
Regen    0.4/turn               l - ring of flight
                                w - ring of poison resistance

@: exhausted, about to teleport, slowed, very slow
A: retaliatory headbutt, horns 2
a: Berserk, Trog's Hand, Brothers in Arms, Burn Spellbooks, Renounce Religion,
Evoke Flight


You were on level 14 of the Dungeon.
You worshipped Trog.
Trog was exalted by your worship.
You were not hungry.

You visited 1 branch of the dungeon, and saw 14 of its levels.
You also visited: Ossuary.

You collected 1024 gold pieces.
You spent 334 gold pieces at shops.

Inventory:

Hand Weapons
 L - a +5 executioner's axe of chopping (weapon)
 T - the +12 glaive of Prune {chop}
   (You found it on level 12 of the Dungeon)

   It inflicts extra damage upon your enemies.
Missiles
 O - 12 javelins of penetration (quivered)
Armour
 f - a +1 cloak (worn)
 B - a +0 pair of gloves (worn)
 J - a +0 plate armour (worn)
Jewellery
 h - a +2 amulet of reflection (around neck)
 l - a ring of flight (right hand)
 w - a ring of poison resistance (left hand)
 y - the ring "Yvvoun" {*Tele rElec rPois}
   (You bought it in a shop on level 11 of the Dungeon)

   [ring of teleportation]

   It may teleport you next to monsters.
   It insulates you from electricity.
   It protects you from poison.
 K - an uncursed amulet of rage {unknown}
Wands
 g - a wand of polymorph (10/24)
 m - a wand of acid (8/15)
 E - a wand of paralysis (8/24)
Scrolls
 d - 3 scrolls of teleportation
 n - 3 scrolls of blinking {unknown}
 o - 4 scrolls of noise {unknown}
 s - a scroll of fear
 x - 7 scrolls of fog {unknown}
 A - 2 scrolls of enchant armour {unknown}
 D - 2 scrolls of recharging {unknown}
 F - a scroll of brand weapon {unknown}
 G - 3 scrolls of magic mapping
 I - 5 scrolls of amnesia {unknown}
 Q - 6 scrolls of remove curse
 Y - a scroll of torment {unknown}
Potions
 b - 3 potions of heal wounds
 e - 2 potions of resistance
 i - 3 potions of agility
 j - a potion of beneficial mutation
 k - 3 potions of ambrosia
 p - 8 potions of curing
 q - 3 potions of might
 r - 3 potions of invisibility
 u - 2 potions of haste
 v - 2 potions of brilliance {unknown}
 z - 2 potions of berserk rage {unknown}
 C - 3 potions of flight {unknown}
 H - a potion of cancellation
Comestibles
 a - 3 royal jellies
 c - 6 bread rations
 t - 2 meat rations
 M - 11 fruits


   Skills:
 * Level 15.4 Fighting
 + Level 17.2(17.3) Axes
 - Level 2.4(11.9) Polearms
 * Level 12.3 Armour
 * Level 6.0 Dodging
 - Level 0.5 Stealth


You had 12 spell levels left.
You didn't know any spells.

Dungeon Overview and Level Annotations

Branches:
Dungeon (14/15)            Temple (0/1) D:4            Lair (0/6) D:9
    Orc (0/2) D:11         Vaults (0/5) D:13

Altars:
Fedhas
Gozag
Makhleb

Shops:
D:11 *


Innate Abilities, Weirdness & Mutations

You reflexively headbutt those who attack you in melee.
You have a pair of horns on your head.


Message History

Things that are here:
an enchanted battleaxe; a chain mail; a human corpse
Okay, then.
You butcher the human corpse.
You feel a strong urge to attack something.
N - a chunk of flesh
Things that are here:
an enchanted battleaxe; a chain mail You start resting.
Eating a chunk of flesh.
You eat the chunk of flesh.
This raw flesh tastes terrible.
You feel your anger subside.
You are no longer berserk.
Trog's vigour flows through your veins.
You are exhausted.
You feel yourself slow down.
You start resting.
As you read the scroll of teleportation, it crumbles to dust.
You feel strangely unstable. The freezing wraith hits you!
* * * LOW HITPOINT WARNING * * *
The freezing wraith freezes you!!
You die...

#†#.##.# #... #.#.##.#
#... #.#.##.# #...
#......# ##.. #......# #..
#.#.##.# #.. ###########
#.#.##.####.# #.....[...#
#######.#........##
#.#.###.#.#
#.@.....####.####.#
#.#.###.#.# #W####.<.....#
#..
#.#.....#.###.####.#.#.###
#..
#.#..#.........).#..###.##
#.. #.#..##.#.###.##.#.##
##.## ##. #.....(...#
#.....## ##.# ##
####.###### ######.##
##.## #. ###.#
############.###.## #.
#...# #.....÷...#...#...#
#.


You could see a freezing wraith.

Vanquished Creatures
  Rupert (D:12)
  A yaktaur captain (D:13)
  Erica (D:8)
  3 two-headed ogres
  A death knight (D:14)
  A centaur warrior (D:13)
  The ghost of dyzzy the Slinger, a novice HaHu of Okawaru (D:7)
  The ghost of BubbleThief the Poker, a novice MfIE of Okawaru (D:6)
  2 skeletal warriors (D:13)
  2 unseen horrors (D:14)
  A wolf spider zombie (D:12)
  3 wizards (D:12)
  4 ugly things
  3 deep elf magi (D:12)
  2 cyclopes (D:14)
  2 manticores
  2 centaur zombies
  3 gargoyles
  Maurice (D:8)
  A freezing wraith (D:14)
  4 kobold demonologists
  A redback zombie (D:14)
  2 yaktaurs (D:13)
  2 hippogriffs
  A meliai zombie (D:14)
  2 shadows
  3 wraiths
  19 yaks
  A basilisk (D:9)
  2 hungry ghosts
  A warg (D:11)
  An acid dragon (D:12)
  Menkaure (D:4)
  A soldier ant (D:10)
  2 porcupines (D:9)
  2 water moccasins
  4 phantoms
  6 orc warriors
  3 ice beasts (D:12)
  4 black bears
  A hornet zombie (D:14)
  An eye of draining (D:11)
  3 sky beasts
  20 centaurs
  2 ogres (D:14)
  3 boggarts (D:14)
  4 crocodiles
  4 big kobolds
  9 bullfrogs
  A wyvern skeleton (D:10)
  A scorpion (D:9)
  10 wights
  3 killer bees (D:10)
  7 howler monkeys
  3 jellies
  4 crimson imps
  A quasit (D:12)
  A human zombie (Ossuary)
  7 hounds
  11 orc priests
  A bullfrog skeleton (D:12)
  5 centaur skeletons
  A gnoll shaman (D:10)
  6 iguanas
  11 worker ants
  15 orc wizards
  2 big kobold zombies (Ossuary)
  2 hound zombies
  2 hound skeletons
  3 mummies (Ossuary)
  A howler monkey zombie (D:7)
  4 gnolls (D:10)
  5 adders
  4 shadow imps
  5 adder zombies
  A worm (D:3)
  2 dart slugs
  5 leopard geckos
  43 orcs
  2 ball pythons
  8 giant cockroaches
  2 gnoll zombies (Ossuary)
  10 goblins
  3 hobgoblins
  6 jackals
  9 kobolds
  7 quokkas
  3 bats
  5 frilled lizards
  10 goblin zombies (Ossuary)
  7 hobgoblin zombies (Ossuary)
  A jackal skeleton (D:5)
  2 kobold zombies (Ossuary)
  2 orc zombies (Ossuary)
  2 quokka skeletons
  5 quokka zombies
  7 rats
  A rat zombie (Ossuary)
  3 bushes (D:14)
407 creatures vanquished.

Vanquished Creatures (others)
  A centaur (D:13)
  An orc wizard (D:7)
  A bush (D:14)
  A fungus (D:9)
4 creatures vanquished.

Grand Total: 411 creatures vanquished

Notes
Turn   | Place    | Note
-------+----------+-------------------------------------------
     0 | D:1      | polly the Minotaur Berserker began the quest for the Orb.
     0 | D:1      | Reached XP level 1. HP: 19/19 MP: 0/0
   340 | D:1      | Reached skill level 4 in Axes
   340 | D:1      | Reached XP level 2. HP: 27/27 MP: 1/1
  1124 | D:2      | Reached XP level 3. HP: 33/33 MP: 2/2
  1247 | D:2      | Found a blossoming altar of Fedhas.
  1576 | D:3      | Reached XP level 4. HP: 32/41 MP: 3/3
  1577 | D:3      | Reached skill level 5 in Axes
  1767 | D:3      | Reached ** piety under Trog
  1788 | D:3      | Reached XP level 5. HP: 36/47 MP: 4/4
  1938 | D:3      | Reached skill level 5 in Fighting
  2065 | D:3      | You fall through a shaft for 2 floors!
  2065 | D:5      | Entered Level 5 of the Dungeon
  2385 | D:4      | Reached skill level 6 in Axes
  2616 | D:4      | Reached XP level 6. HP: 48/56 MP: 5/5
  2795 | D:4      | Found a staircase to the Ecumenical Temple.
  2909 | D:4      | Noticed Menkaure
  2914 | D:4      | Killed Menkaure
  3390 | D:5      | Reached XP level 7. HP: 63/63 MP: 6/6
  3900 | D:6      | Reached skill level 7 in Axes
  4075 | D:6      | Noticed BubbleThief's ghost (novice MfIE)
  4678 | D:6      | Killed BubbleThief's ghost
  4678 | D:6      | Reached skill level 8 in Axes
  4678 | D:6      | Reached skill level 5 in Armour
  4678 | D:6      | Reached XP level 8. HP: 73/73 MP: 7/7
  4954 | D:7      | Reached skill level 9 in Axes
  5217 | D:7      | Noticed dyzzy's ghost (novice HaHu)
  5258 | D:7      | Killed dyzzy's ghost
  5258 | D:7      | Reached skill level 10 in Axes
  5258 | D:7      | Reached XP level 9. HP: 30/82 MP: 8/8
  5435 | D:7      | Reached *** piety under Trog
  5774 | D:7      | Reached skill level 11 in Axes
  6304 | D:8      | Noticed Maurice
  6413 | D:8      | Killed Maurice
  6477 | D:8      | Reached skill level 12 in Axes
  6634 | D:8      | Noticed Erica
  6641 | D:8      | Killed Erica
  6641 | D:8      | Reached skill level 10 in Fighting
  6641 | D:8      | Reached XP level 10. HP: 85/93 MP: 9/9
  6743 | D:8      | Found a sand-covered staircase.
  6764 | Ossuary  | Entered an ossuary
  6835 | Ossuary  | Reached **** piety under Trog
  7907 | D:9      | Reached skill level 13 in Axes
  7943 | D:10     | Entered Level 10 of the Dungeon
  8431 | D:9      | Found a staircase to the Lair.
  8480 | D:9      | Reached ***** piety under Trog
  9031 | D:10     | Reached XP level 11. HP: 73/102 MP: 10/10
  9032 | D:10     | Reached skill level 14 in Axes
  9384 | D:10     | Found a burning altar of Makhleb.
  9384 | D:10     | Noticed an Executioner
  9866 | D:11     | Found a staircase to the Orcish Mines.
  9926 | D:11     | Found Wuppiciv's General Store.
  9935 | D:11     | Bought the ring "Yvvoun" {*Tele rElec rPois} for 334 gold pieces
 10095 | D:11     | Received a gift from Trog
 10137 | D:11     | Noticed a two-headed ogre
 10148 | D:11     | Killed a two-headed ogre
 10305 | D:11     | Reached skill level 15 in Axes
 10311 | D:11     | Received a gift from Trog
 10328 | D:11     | Noticed a two-headed ogre
 10338 | D:11     | Killed a two-headed ogre
 10746 | D:12     | Noticed a brown ugly thing
 10760 | D:12     | Killed a brown ugly thing
 10760 | D:12     | Reached skill level 10 in Armour
 11389 | D:12     | Noticed a wizard
 11396 | D:12     | Noticed a wizard
 11397 | D:12     | Killed a wizard
 11404 | D:12     | Noticed a wizard
 11406 | D:12     | Noticed a deep elf mage
 11408 | D:12     | Killed a wizard
 11408 | D:12     | Reached XP level 12. HP: 115/115 MP: 11/11
 11426 | D:12     | Noticed Rupert
 11847 | D:12     | Reached skill level 16 in Axes
 12314 | D:12     | Killed Rupert
 12755 | D:13     | Noticed a yaktaur captain
 12755 | D:13     | Reached ****** piety under Trog
 12762 | D:13     | Received a gift from Trog
 12766 | D:13     | Killed a yaktaur captain
 12766 | D:13     | Reached skill level 5 in Dodging
 13385 | D:13     | Found a gate to the Vaults.
 13445 | D:13     | Noticed a centaur warrior
 13450 | D:13     | Reached XP level 13. HP: 114/125 MP: 12/12
 13739 | D:14     | Found an opulent altar of Gozag.
 13820 | D:14     | Reached skill level 15 in Fighting
 13875 | D:14     | Reached skill level 17 in Axes
 14669 | D:14     | Received a gift from Trog
 14916 | D:14     | Mangled by a freezing wraith

Vault maps used:
D:1:      doesnt_arrival_eight_statues
D:2:      serial_glass, glass_columns_c, glass_columns_a, fedhas_altar_4
D:3:      minmay_goblin_outpost
D:4:      minmay_temple_entry_trees, uniq_menkaure
D:5:      first_bread, mrwooster_statue_mirror
D:8:      enter_ossuary_1, uniq_erica, uniq_maurice
D:9:      minmay_lair_entry_grove, blue_anna_alchemist
D:10:     makhleb_altar_promises_db
D:11:     david_orc_3, serial_shops, nicolae_shop_waterfront
D:12:     hangedman_abyss_or_decor_stagger, minmay_guarded_unrand_prune,
          uniq_rupert
D:13:     david_vaults_2, spider_trap
D:14:     minmay_hedge_maze, nicolae_benzene_ring, nicolae_gozag_seed_capital
Ossuary:  minmay_ossuary_two_tombs

Skill      XL: |  1  2  3  4  5  6  7  8  9 10 11 12 13 |
---------------+----------------------------------------+-----
Fighting       | 4 5 6 7 8 10 11 13 14 15 | 15.4
Axes           | 4 5 6 8 10 12 13 15 16 17 | 17.2
Armour         | 3 4 5 6 8 9 10 11 12 | 12.3
Dodging        | 3 4 5 6 |  6.0
Polearms       | 2 |  2.4
Stealth        | |  0.5

Action                   |  1- 3 |  4- 6 |  7- 9 | 10-12 | 13-15 || total
-------------------------+-------+-------+-------+-------+-------++-------
Melee: Hand axe          |    55 |    93 |   225 |   536 |       ||   909
       Headbutt          |     9 |    19 |    42 |   147 |    36 ||   253
       War axe           |       |       |    14 |       |       ||    14
       Battleaxe         |       |       |       |   169 |   127 ||   296
       Glaive            |       |       |       |     8 |       ||     8
       Executioner's axe |       |       |       |       |    14 ||    14
Throw: Javelin           |       |       |       |     7 |       ||     7
Invok: Berserk           |       |     1 |     7 |     4 |     1 ||    13
       Burn Spellbooks   |       |       |       |       |     1 ||     1
Evoke: Wand              |       |       |       |     1 |       ||     1
  Use: Scroll            |       |     3 |     4 |    10 |     4 ||    21
       Potion            |       |       |       |     4 |       ||     4
  Eat: Chunk             |     2 |     3 |     7 |    17 |     7 ||    36
       Fruit             |       |     1 |     4 |    13 |       ||    18
       Royal jelly       |       |     1 |     1 |       |       ||     2
       Bread ration      |       |       |     1 |       |       ||     1
Armor: Scale mail        |    20 |    30 |    17 |       |       ||    67
       Animal skin       |     1 |       |       |       |       ||     1
       Plate armour      |       |       |    94 |   289 |    85 ||   468
Dodge: Dodged            |    30 |    47 |    77 |   235 |    48 ||   437
Block: Other             |     3 |     8 |    11 |    32 |    13 ||    67
       Reflection        |       |     2 |     1 |     4 |       ||     7
